 Dungeon Crawl Stone Soup version 0.31.0-11-ge490571c62 (webtiles) character file.

Game seed: 1348809477018669443

1860096 FoolsGold the Axe Maniac (level 25, 257/257 HPs)
             Began as a Minotaur Berserker on Jan 31, 2024.
             Was a High Priest of Trog.
             Escaped with the Orb
             ... and 3 runes!
             The game lasted 04:55:46 (54411 turns).

FoolsGold the Axe Maniac (Minotaur Berserker)      Turns: 54411, Time: 04:55:47

Health: 257/257    AC: 40    Str: 39    XL:     25   Next: 50%
Magic:  22/22      EV: 18    Int:  3    God:    Trog [*****.]
Gold:   9246       SH:  0    Dex: 16    Spells: 24/24 levels left

rFire   + + +        D - +9 executioner's axe (heavy)
rCold   + . .        (shield currently unavailable)
rNeg    . . .        W - +13 chain mail of Noon {Slay+4}
rPois   .            X - +2 hat {SInv}
rElec   .            a - scarf {repulsion}
rCorr   .            v - +0 pair of gloves "Cuilotoa" {-Cast Rampage Str+3}
SInv    +            g - +3 pair of mountain boots {steadfast, rC+}
Will    +....        m - amulet of regeneration Stlth
                     Z - ring of protection from fire
HPRegen 1.42/turn    b - ring "Setyateb" {rF++ Dex+5 SInv}
MPRegen 0.18/turn

%: no spellcasting, repel missiles, clarity, rampage
@: studying Maces & Flails
A: horns 2, retaliatory headbutt, clarity, strong 1
0: Orb of Zot
}: 3/15 runes: barnacled, silver, gossamer
a: Renounce Religion, Berserk, Trog's Hand, Brothers in Arms


You escaped.
You worshipped Trog.
Trog was extremely pleased with you.
You visited 10 branches of the dungeon, and saw 48 of its levels.
You also visited: Trove, Gauntlet and Ice Cave.

You collected 13132 gold pieces.
You spent 3886 gold pieces at shops.

Inventory:

Hand Weapons
 B - a +6 executioner's axe of flaming
 D - a +9 heavy executioner's axe (weapon)
Missiles
 i - 11 throwing nets
 y - 9 silver javelins (quivered)
 E - 13 curare-tipped darts
Armour
 a - a scarf of repulsion (worn)
 g - the +3 pair of mountain boots (worn) {steadfast, rC+}
   (You found it on level 2 of the Elven Halls)

   Steadfast: It prevents involuntary movement, except for blinking,
   teleportation, or banishment.
   rC+:       It protects you from cold.
 v - the +0 pair of gloves "Cuilotoa" (worn) {-Cast Rampage Str+3}
   (You bought it in a shop on level 2 of the Elven Halls)

   Str+3:     It affects your strength (+3).
   -Cast:     It prevents spellcasting.
   Rampage:   It bestows one free step when moving towards enemies.
 W - the +13 chain mail of Noon (worn) {Slay+4}
   (You found it on level 3 of the Spider Nest)

   Slay+4:    It affects your accuracy & damage with ranged weapons and melee
   (+4).
 X - a +2 hat of see invisible (worn)
Jewellery
 b - the ring "Setyateb" (right hand) {rF++ Dex+5 SInv}
   (You took it off a deep elf death mage on level 3 of the Elven Halls)

   [ring of see invisible]

   Dex+5:     It affects your dexterity (+5).
   rF++:      It greatly protects you from fire.
   SInv:      It lets you see invisible.
 m - an amulet of regeneration (around neck)
 n - a ring of resist corrosion
 A - a ring of protection from cold
 C - a ring of willpower
 G - a ring of willpower
 Z - a ring of protection from fire (left hand)
Wands
 F - a wand of acid (14)
 I - a wand of mindburst (57)
 K - a wand of digging (32)
 N - a wand of paralysis (70)
 Y - a wand of roots (44)
Scrolls
 f - a scroll of enchant weapon
 h - 9 scrolls of fear
 j - 6 scrolls of summoning
 o - 3 scrolls of poison
 q - 4 scrolls of immolation
 s - 6 scrolls of teleportation
 z - 2 scrolls of blinking
 J - a scroll of revelation
 S - 2 scrolls of enchant armour
 T - 3 scrolls of fog
 U - a scroll of silence
Potions
 c - 10 potions of enlightenment
 e - 8 potions of haste
 k - 6 potions of ambrosia
 l - 4 potions of might
 p - 6 potions of resistance
 r - 4 potions of heal wounds
 t - 11 potions of curing
 u - 11 potions of attraction
 w - 7 potions of mutation
 H - 2 potions of cancellation
 P - 8 potions of lignification
 Q - 4 potions of invisibility
Miscellaneous
 d - a box of beasts
 L - a phantom mirror
 M - a lightning rod (4/4)
 O - a tin of tremorstones (2/2)
 V - a phial of floods


   Skills:
 O Level 27 Fighting
 O Level 27 Axes
 O Level 27 Armour
 - Level 13.6 Dodging
 + Level 22.5 Evocations


You had 24 spell levels left.
You didn't know any spells.
Your spell library was empty.

Dungeon Overview and Level Annotations

Branches:
Dungeon (15/15)            Temple (1/1) D:4            Lair (5/5) D:11
 Shoals (4/4) Lair:3       Spider (4/4) Lair:3        Slime (0/5) Lair:5
    Orc (2/2) D:10            Elf (3/3) Orc:2        Vaults (5/5) D:14
  Crypt (0/3) Vaults:3     Depths (4/4) D:15            Zot (5/5) Depths:4
  IceCv (visited)         Gauntlet (visited)

Altars:
Ashenzari
Cheibriados
Dithmenos
Elyvilon
Fedhas
Gozag
Hepliaklqana
Kikubaaqudgha
Makhleb
Nemelex Xobeh
Okawaru
Qazlal
Ru
Sif Muna
Trog
Uskayaw
Vehumet
Wu Jian
Xom
Yredelemnul
Zin
The Shining One

Shops:
D:8 (   Orc:2 [:(?!   Elf:2 *::=   Elf:3 *[[[(   Shoals:1 *   Shoals:2 ?
Vaults:1 [   Depths:3 ?[

Portals:
Hell: Depths:1 Depths:2 Depths:3 Depths:4
Abyss: Depths:3
Pandemonium: Depths:2
Ziggurat: Depths:3

Annotations:
Lair:5 exclusion: 2 oklob plants
Depths:2 2 transporters
Depths:4 1 runed translucent door
Zot:2 1 runed translucent door, Sebriys's ghost, legendary TrBe
Zot:3 3 runed translucent doors, Heisao's ghost, legendary TrBe; SnakkuSnakku7's ghost, veteran MfAE


Innate Abilities, Weirdness & Mutations

You have a pair of horns on your head.
You reflexively headbutt those who attack you in melee.
You possess an exceptional clarity of mind.
Your muscles are strong. (Str +4, Int/Dex -1)


Message History

A mysterious force pulls you upwards. The hatch slams shut behind you.
A reaper comes into view. It is wielding a +2 scythe of freezing.
Press: ? - help, v - describe, . - travel
Here: a reaper, wielding a +2 scythe of freezing The floor.
There is a stone staircase leading up here.
You climb upwards.
There is a stone staircase leading down here.
There is a stone staircase leading up here.
You climb upwards.
There is a stone staircase leading down here.
You see here a +0 animal skin.
A Tzitzimitl comes into view.
Press: ? - help, v - describe, . - travel
Here: a Tzitzimitl The floor.
You rampage towards the Tzitzimitl!
You slash the Tzitzimitl!
The Tzitzimitl is lightly wounded.
You miss the Tzitzimitl. You headbutt the Tzitzimitl!!
The Tzitzimitl is moderately wounded.
The Tzitzimitl engulfs you but does no damage.
The Tzitzimitl bites you but does no damage.
You cut the Tzitzimitl into ribbons!!! Your headbutt misses the Tzitzimitl.
The Tzitzimitl is severely wounded.
The Tzitzimitl engulfs you. The Tzitzimitl drains your vigour!
You feel yourself slow down.
The Tzitzimitl bites you but does no damage.
You open the Tzitzimitl like a pillowcase!!!!
You kill the Tzitzimitl!
Trog accepts your kill.
There is a staircase leading out of the dungeon here.
You start waiting.
You feel yourself speed up.
A shadow demon comes into view.
Press: ? - help, v - describe, . - travel
Here: a shadow demon The floor.
Okay, then.
The shadow demon gestures.
You have escaped!

#.......[...........#.#
#....###.##.#####..##)#
##......#.#####.2...##.#
##.>.....#.#####.###.#..#
#..........##..g.# #.#.##
#..........##....# #.#.#
#.........###....###.#.######
##........##.8.....#.#......#
##........#@....#.#.........
#........#.8...........8.8.
#.##.....##....######..#'#.
###........##....## #...#.#.
#..>.....#.##.....# #.###.##
#.########.#####..####.#8...8
#.# #.# #.......#.._.. #.#
#.# ####.##.#8...8 #.# #.#
#.#..###.##


You could see a shadow demon and a hobgoblin (summoned).

Vanquished Creatures
  5 orbs of fire
  2 ancient liches (Zot:5)
  Josephina (Zot:4)
  Boris (thrice) (Vaults:1 Vaults:4 Depths:4)
  3 Killer Klowns
  8 golden dragons
  A bone dragon (Depths:4)
  A Tzitzimitl (D:1)
  4 electric golems
  12 tentacled monstrosities
  Mlioglotl (Shoals:3)
  29 Orb Guardians
  2 deep elf blademasters (Elf:3)
  5 titans
  A walking frostbound tome (Depths:4)
  2 deep elf master archers (Elf:3)
  2 sphinxes
  3 liches
  Polyphemus (Shoals:4)
  6 quicksilver dragons
  An Executioner (Zot:5)
  Asterion (Elf:2)
  5 tengu reavers
  Kirke (D:13)
  11 death cobs
  15 shadow dragons
  6 storm dragons
  7 draconian monks
  5 draconian knights
  6 draconian shifters
  4 protean progenitors (Zot:2)
  4 fire giants
  6 frost giants
  4 draconian scorchers
  9 deep elf sorcerers
  6 ghost moths
  4 iron dragons
  2 orc warlords
  4 emperor scorpions
  3 draconian stormcallers
  22 vault wardens
  4 deep elf elementalists (Elf:3)
  A cacodemon (Depths:2)
  A broodmother (Spider:3)
  8 very ugly things
  4 spriggan defenders
  17 ironbound preservers
  8 draconian annihilators
  11 stone giants
  4 formless jellyfish
  A reaper (Depths:3)
  11 green draconians
  10 black draconians
  5 ironbound thunderhulks
  2 vampire knights (Depths:1)
  4 deep elf demonologists
  9 deep elf death magi
  3 minotaurs
  4 deep elf annihilators (Elf:3)
  4 war gargoyles
  2 dire elephants (Vaults:1)
  12 yellow draconians
  7 white draconians
  2 bunyips (Zot:2)
  A demonspawn black sun (Depths:4)
  8 purple draconians
  15 red draconians
  6 spark wasps
  2 blizzard demons
  10 ettins
  An eidolon (Depths:1)
  2 merfolk javelineers (Shoals:3)
  9 fire dragons
  4 merfolk impalers
  10 great orbs of eyes
  8 yaktaur captains
  2 deep elf high priests (Vaults:5)
  6 entropy weavers
  A rakshasa (D:15)
  The ghost of DocClef the Blocker, a journeyman GnFi of Okawaru (D:9)
  Erolcha (Orc:1)
  2 peacekeepers
  A hell beast (Depths:1)
  6 hydras
  4 ice dragons
  4 merfolk avatars
  29 vault guards
  6 jorogumos
  A catoblepas (Shoals:4)
  11 ironbound frosthearts
  3 ogre magi
  An anaconda (shapeshifter) (Elf:1)
  A merfolk aquamancer (Shoals:2)
  2 alligator snapping turtles
  12 centaur warriors
  5 radroaches
  A sphinx skeleton (Depths:2)
  14 death yaks
  15 demonic crawlers
  19 satyrs
  A spriggan skeleton (Depths:2)
  6 two-headed ogres
  27 dancing weapons
  5 deep troll shamans
  12 boulder beetles
  4 tengu warriors (D:14)
  2 vampire magi
  3 hell hogs
  7 deep troll earth magi
  13 spriggan berserkers
  2 orc high priests (Orc:2)
  A thrashing horror (Gauntlet)
  Nergalle (Lair:2)
  A sun demon (Depths:3)
  A soul eater (Depths:4)
  26 spriggans
  Sonja (D:13)
  15 deep elf knights
  3 skeletal warriors (D:15)
  6 skysharks
  A quicksilver dragon simulacrum (Depths:1)
  11 iron trolls
  57 deep trolls
  5 orb spiders
  4 pharaoh ants
  6 sea snakes
  A sun moth (shapeshifter) (D:13)
  A spriggan druid (Depths:3)
  24 ironbound convokers
  3 flayed ghosts
  6 sun moths
  11 arcanists
  5 lindwurms
  5 orange crystal statues
  A necromancer (Depths:2)
  4 phantasmal warriors (Vaults:5)
  4 large abominations
  33 harpies
  17 deep elf zephyrmancers
  A lindwurm (shapeshifter) (Elf:1)
  4 deep elf archers
  3 steelbarb worms
  15 orc knights
  21 deep elf pyromancers
  A glowing shapeshifter (Vaults:5)
  An oklob plant (D:12)
  13 manticores
  40 ugly things
  20 fauns
  22 wolf spiders
  4 cyclopes
  A manticore (shapeshifter) (Vaults:5)
  7 orc sorcerers
  A shining eye (shapeshifter) (D:15)
  24 moths of wrath
  6 meliai
  3 kobold blastminers (Orc:2)
  A water nymph (shapeshifter) (Vaults:5)
  25 vault sentinels
  12 elephants
  Maurice (D:7)
  5 merfolk sirens
  An eye of devastation (shapeshifter) (Elf:1)
  4 black mambas
  A rust devil (Depths:3)
  Joseph (D:8)
  5 torpor snails
  7 water nymphs
  10 cane toads
  3 molten gargoyles (Lair:5)
  An orange demon (Zot:5)
  A gargoyle (D:11)
  A hellion (D:10)
  An unseen horror (D:12)
  Maggie (D:6)
  2 unseen horrors (shapeshifter) (Elf:1)
  19 yaktaurs
  2 efreet
  8 rime drakes
  13 komodo dragons
  3 tengu conjurers
  2 freezing wraiths (Vaults:5)
  A golden dragon simulacrum (Zot:4)
  5 wind drakes
  A hellwing (Depths:4)
  A tyrant leech (Lair:2)
  15 hornets
  A wolf spider simulacrum (D:15)
  A queen bee (shapeshifter) (Elf:1)
  4 trolls
  A glass eye (Depths:2)
  31 merfolk
  32 tarantellas
  Prince Ribbit (D:7)
  16 dream sheep
  A snapping turtle (Shoals:3)
  7 blink frogs
  A culicivora (shapeshifter) (Vaults:5)
  A shadow (D:13)
  30 jumping spiders
  An air elemental (Elf:3)
  4 centaur simulacra
  30 slime creatures
  23 culicivoras
  5 water elementals
  60 yaks
  2 vampires (D:12)
  10 wyverns
  A wraith (D:13)
  A yak (shapeshifter) (Elf:1)
  An ettin skeleton (Depths:2)
  2 fire elementals
  11 basilisks
  3 neqoxecs (D:9)
  58 redbacks
  4 fire bats (D:11)
  8 wargs
  3 golden eyes (Zot:5)
  A human (D:14)
  6 vampire mosquitoes
  A redback (shapeshifter) (Elf:1)
  A yellow draconian simulacrum (Zot:4)
  2 steam dragons
  15 two-headed ogre zombies (Orc:1)
  A death yak simulacrum (IceCv)
  2 swamp worms (Lair:2)
  2 acid dragons (D:12)
  14 water moccasins
  A water moccasin (shapeshifter) (Elf:1)
  8 hell hounds
  5 ice beasts
  2 sky beasts (D:8)
  A black bear (D:4)
  14 orc warriors
  3 small abominations (Gauntlet)
  2 laughing skulls (D:15)
  15 ogres
  23 wolves
  6 boggarts
  5 centaurs
  7 kobold brigands
  12 bullfrogs
  2 gnoll sergeants
  A cane toad simulacrum (IceCv)
  A scorpion (D:6)
  A hornet simulacrum (Gauntlet)
  7 wights
  15 killer bees
  An elephant simulacrum (IceCv)
  An oklob sapling (D:12)
  3 howler monkeys
  A vampire bat (Lair:1)
  7 lava snakes
  3 quasits (D:9)
  2 jellies
  5 hounds
  19 orc priests
  A gnoll bouda (D:8)
  2 sleepcaps
  2 iguanas (D:4)
  14 orc wizards
  9 hell rats
  3 polar bear simulacra (IceCv)
  A wolf simulacrum (IceCv)
  An ogre zombie (Orc:1)
  21 gnolls
  13 adders
  13 white imps
  2 dart slugs
  A ribbon worm (D:4)
  50 orcs
  9 endoplasms
  6 giant cockroaches
  5 goblins
  8 hobgoblins
  2 jackals (D:12)
  40 kobolds
  4 quokkas
  12 ball pythons
  14 bats
  2 frilled lizards
  7 rats
  An aspiring flesh (Zot:2)
  2 spectral weapons (Elf:2)
2069 creatures vanquished.

Vanquished Creatures (collateral kills)
  A Killer Klown (Zot:5)
  Norris (Depths:3)
  A tentacled monstrosity (Zot:1)
  A lich (Vaults:5)
  A death cob (Zot:1)
  A draconian monk (Zot:2)
  A ghost moth (Zot:5)
  A green draconian (Zot:5)
  A spark wasp (Spider:3)
  A purple draconian (Zot:5)
  2 merfolk javelineers (Shoals:3)
  A yaktaur captain (Vaults:5)
  An orc high priest (Orc:2)
  An ironbound convoker (Vaults:1)
  An orb spider (Spider:4)
  A phantasmal warrior (Vaults:5)
  A deep elf archer (Elf:2)
  A deep elf zephyrmancer (Elf:2)
  An orc knight (Orc:2)
  A faun (Shoals:3)
  A necromancer (Vaults:1)
  A moth of wrath (Zot:5)
  5 meliai
  A smoke demon (Depths:4)
  A komodo dragon (Lair:5)
  A hellwing (Depths:4)
  A spriggan (Depths:3)
  3 basilisks (Lair:5)
35 creatures vanquished.

Vanquished Creatures (others)
  A golden dragon (Zot:5)
  A tentacled monstrosity (Zot:2)
  A deep elf zephyrmancer (Elf:1)
  A golden dragon simulacrum (Zot:4)
  A human (D:13)
  A moth of wrath simulacrum (Zot:4)
  An orc wizard (Orc:2)
7 creatures vanquished.

Grand Total: 2111 creatures vanquished

Notes
Turn   | Place    | Note
-------+----------+-------------------------------------------
     0 | D:1      | FoolsGold the Minotaur Berserker began the quest for the
                  | Orb.
     0 | D:1      | Reached XP level 1. HP: 19/19 MP: 0/0
   208 | D:1      | Reached XP level 2. HP: 22/26 MP: 1/1
   341 | D:1      | Found a faded altar of an unknown god.
   489 | D:1      | Reached skill level 5 in Axes
   707 | D:2      | Reached ** piety under Trog
   708 | D:2      | Reached XP level 3. HP: 31/31 MP: 2/2
  1088 | D:2      | Reached XP level 4. HP: 39/39 MP: 3/3
  2108 | D:4      | Reached XP level 5. HP: 30/45 MP: 4/4
  2145 | D:4      | Noticed a black bear
  2171 | D:4      | Killed a black bear
  2210 | D:4      | Reached XP level 6. HP: 41/51 MP: 5/5
  2212 | D:4      | Reached *** piety under Trog
  2494 | D:4      | Reached XP level 7. HP: 57/57 MP: 6/6
  2609 | D:4      | Found a staircase to the Ecumenical Temple.
  2627 | D:4      | Identified a scroll of acquirement
  2640 | Temple   | Entered the Ecumenical Temple
  2715 | D:4      | Reached skill level 10 in Axes
  2939 | D:5      | Entered Level 5 of the Dungeon
  2993 | D:5      | Found a white marble altar of Elyvilon.
  2999 | D:5      | Found a stormy altar of Qazlal.
  3002 | D:5      | Found a burning altar of Makhleb.
  3002 | D:5      | Found a broken altar of Ashenzari.
  3009 | D:5      | Found a shimmering altar of Xom.
  3038 | D:5      | Reached skill level 5 in Fighting
  3485 | D:6      | Noticed a yak
  3485 | D:6      | Noticed a yak
  3485 | D:6      | Noticed a yak
  3603 | D:6      | Reached XP level 8. HP: 62/73 MP: 7/7
  3685 | D:6      | Reached skill level 10 in Fighting
  3744 | D:6      | Reached **** piety under Trog
  3763 | D:6      | Noticed Maggie
  3767 | D:6      | Killed Maggie
  3780 | D:6      | Acquired a manual of Axes
  3813 | D:6      | Reached XP level 9. HP: 63/85 MP: 8/8
  4137 | D:6      | Reached skill level 5 in Armour
  4309 | D:7      | Reached skill level 5 in Dodging
  4657 | D:7      | Noticed Maurice
  4659 | D:7      | Killed Maurice
  4905 | D:7      | Noticed Prince Ribbit
  4915 | D:7      | Killed Prince Ribbit
  4940 | D:7      | Reached ***** piety under Trog
  5112 | D:8      | Noticed Joseph
  5132 | D:8      | Killed Joseph
  5161 | D:8      | Found a hazy altar of Hepliaklqana.
  5161 | D:8      | Found a hide-covered altar of Uskayaw.
  5162 | D:8      | Found a bloodstained altar of Trog.
  5220 | D:8      | Reached XP level 10. HP: 92/93 MP: 9/9
  5293 | D:8      | Found an ornate altar of the Wu Jian Council.
  5330 | D:8      | Found Inekk's Weapon Shop.
  5731 | D:8      | Noticed a vault sentinel
  5731 | D:8      | Noticed a vault sentinel
  5775 | D:8      | Killed a vault sentinel
  5776 | D:8      | Reached skill level 10 in Armour
  5790 | D:8      | Killed a vault sentinel
  5794 | D:8      | Reached skill level 10 in Dodging
  5828 | D:8      | Found the +18 shield of the Gong {Loud rN+ Will+ rCorr
                  | EV-5}
  6421 | D:9      | Found a transporter.
  6425 | D:9      | Noticed DocClef's ghost (journeyman GnFi)
  6448 | D:9      | Reached XP level 11. HP: 96/99 MP: 10/10
  6491 | D:9      | Found a transporter.
  6571 | D:9      | Found a runed translucent door.
  6579 | D:9      | Found the +10 tower shield of Ignorance {rN+ Int-4}
  6598 | D:9      | Found a runed translucent door.
  6659 | D:9      | Found an ancient bone altar of Kikubaaqudgha.
  6665 | D:9      | Found an iron altar of Okawaru.
  6727 | D:9      | Found a radiant altar of Vehumet.
  6837 | D:9      | Noticed an orange crystal statue
  6945 | D:10     | Entered Level 10 of the Dungeon
  7160 | D:10     | Reached skill level 15 in Axes
  7164 | D:10     | Found a basalt altar of Yredelemnul.
  7187 | D:10     | Noticed a two-headed ogre
  7213 | D:10     | Killed a two-headed ogre
  7314 | D:10     | Acquired the +11 executioner's axe "Epnoyb" {pain, rPois
                  | Str+3}
  7494 | D:10     | Found a staircase to the Orcish Mines.
  7496 | D:10     | Reached ****** piety under Trog
  7815 | D:10     | Received a gift from Trog
  7966 | D:11     | Found a staircase to the Lair.
  7971 | D:11     | Noticed a boulder beetle
  7982 | D:11     | Killed a boulder beetle
  8016 | D:11     | Found a frozen archway.
  8043 | IceCv    | Entered an ice cave
  8075 | IceCv    | Identified the +5 falchion of Poeraj {pain, rC++ Str+2
                  | Int-2 Dex+3}
  8090 | IceCv    | Noticed a white ugly thing
  8108 | IceCv    | Killed a white ugly thing
  8278 | D:11     | Noticed a white ugly thing
  8314 | D:11     | Killed a white ugly thing
  8381 | D:11     | Noticed a two-headed ogre
  8388 | D:11     | Killed a two-headed ogre
  8395 | D:11     | Identified the +0 short sword of Anguish {venom, +Blink
                  | Will+ Dex+4}
  8521 | D:11     | Reached XP level 12. HP: 98/106 MP: 11/11
  8843 | D:12     | Received a gift from Trog
  9170 | D:12     | You fall into a shaft and drop 3 floors!
  9170 | D:15     | Entered Level 15 of the Dungeon
  9215 | D:15     | Noticed a rakshasa
  9215 | D:15     | Noticed a boulder beetle
  9338 | D:15     | Killed a rakshasa
  9378 | D:15     | Killed a boulder beetle
  9431 | D:14     | Noticed a tengu warrior
  9431 | D:14     | Noticed a tengu warrior
  9447 | D:14     | Killed a tengu warrior
  9450 | D:14     | Killed a tengu warrior
  9489 | D:14     | Noticed a boulder beetle
  9499 | D:14     | Killed a boulder beetle
  9500 | D:14     | Noticed a tengu warrior
  9533 | D:14     | Killed a tengu warrior
  9613 | D:14     | Found a gate to the Vaults.
 10013 | D:13     | Noticed an eight-headed hydra
 10148 | D:13     | Noticed a centaur warrior
 10219 | Lair:1   | Entered Level 1 of the Lair of Beasts
 10387 | Lair:1   | Reached XP level 13. HP: 109/114 MP: 12/12
 11107 | Lair:2   | Identified the maw talisman of Fortification {rElec}
 11166 | Lair:2   | Noticed Nergalle
 11256 | Lair:2   | Killed Nergalle
 11256 | Lair:2   | Received a gift from Trog
 11660 | Lair:3   | Found a gate leading to a gauntlet.
 11675 | Gauntlet | Entered a Gauntlet
 11675 | Gauntlet | Found a transporter.
 11675 | Gauntlet | Found a runed translucent door.
 11676 | Gauntlet | Found a runed translucent door.
 11682 | Gauntlet | Found a transporter.
 11684 | Gauntlet | Found a transporter.
 11698 | Gauntlet | Found a transporter.
 11700 | Gauntlet | Found a transporter.
 11707 | Gauntlet | Found a transporter.
 11722 | Gauntlet | Found a transporter.
 11733 | Gauntlet | Found a transporter.
 11733 | Gauntlet | Noticed a reaper
 11745 | Gauntlet | Found a transporter.
 11761 | Gauntlet | Found a transporter.
 11772 | Gauntlet | Found a transporter.
 11773 | Gauntlet | Found a transporter.
 11813 | Gauntlet | Found a transporter.
 11827 | Gauntlet | Found a transporter.
 12030 | Gauntlet | Noticed a minotaur
 12038 | Gauntlet | Killed a minotaur
 12241 | Lair:3   | Found a hole to the Spider Nest.
 12392 | Lair:3   | Reached skill level 15 in Fighting
 12429 | Lair:3   | Found a staircase to the Shoals.
 13111 | Lair:4   | Reached XP level 14. HP: 137/137 MP: 13/13
 13120 | Lair:4   | Received a gift from Trog
 13814 | Lair:5   | Entered Level 5 of the Lair of Beasts
 14345 | Lair:5   | Found a large runed translucent door.
 14346 | Lair:5   | Found a large runed translucent door.
 15372 | Lair:5   | Found a staircase to the Slime Pits.
 15582 | D:13     | Noticed Sonja
 15585 | D:13     | Killed Sonja
 15704 | D:13     | Noticed Kirke
 15720 | D:13     | Killed Kirke
 15756 | D:13     | Reached XP level 15. HP: 137/144 MP: 14/14
 15756 | D:13     | Received a gift from Trog
 16041 | D:14     | Reached skill level 1 in Evocations
 16384 | D:14     | Reached skill level 5 in Evocations
 16720 | D:15     | Identified the +0 plate armour of Salvation {+Inv rN+}
 17213 | D:15     | Found a staircase to the Depths.
 17645 | Depths:1 | Entered Level 1 of the Depths
 17779 | Orc:1    | Entered Level 1 of the Orcish Mines
 18055 | Orc:1    | Received a gift from Trog
 18219 | Orc:1    | Noticed Erolcha
 18232 | Orc:1    | Killed Erolcha
 18460 | Orc:2    | Entered Level 2 of the Orcish Mines
 18695 | Orc:2    | Found a staircase to the Elven Halls.
 18788 | Orc:2    | Found Ustud's Distillery.
 18808 | Orc:2    | Reached skill level 10 in Evocations
 19008 | Orc:2    | Reached XP level 16. HP: 151/151 MP: 15/15
 19027 | Orc:2    | Received a gift from Trog
 19077 | Orc:2    | Found Teche's Magic Scroll Boutique.
 19089 | Orc:2    | Found Afuhemips's Antique Weapon Boutique.
 19091 | Orc:2    | Found Paomiredul's Book Emporium.
 19161 | Orc:2    | Found Fynaiw's Armour Shoppe.
 19280 | Orc:2    | Bought a potion of degeneration for 13 gold pieces
 19280 | Orc:2    | Bought a potion of resistance for 130 gold pieces
 19280 | Orc:2    | Bought a potion of invisibility for 104 gold pieces
 19280 | Orc:2    | Bought a potion of mutation for 104 gold pieces
 19280 | Orc:2    | Bought a potion of lignification for 39 gold pieces
 19280 | Orc:2    | Bought 2 potions of enlightenment for 130 gold pieces
 19282 | Orc:2    | Bought a scroll of identify for 34 gold pieces
 19283 | Orc:2    | Bought a scroll of identify for 34 gold pieces
 19343 | Orc:2    | Bought a +2 pair of gloves of strength for 301 gold pieces
 19509 | Shoals:1 | Entered Level 1 of the Shoals
 19778 | Shoals:1 | Found Noontul's Assorted Antiques.
 20463 | Shoals:2 | Found Uxiudypp's Magic Scroll Shoppe.
 20539 | Shoals:2 | Bought a scroll of torment for 180 gold pieces
 20904 | Shoals:2 | Identified the +2 cloak of Symilaut {rN+ Int+3}
 21072 | Shoals:2 | Identified the +13 executioner's axe of the Big Bang
                  | {flame, ^Contam rPois rC+ rN+} (Trog gifted it to you on
                  | level 2 of the Shoals)
 21072 | Shoals:2 | Received a gift from Trog
 21156 | Shoals:3 | Noticed Mlioglotl
 21347 | Shoals:3 | Killed Mlioglotl
 21662 | Shoals:3 | Identified the +7 plate armour of Failure {Str+2 Dex+2}
 22153 | Shoals:4 | Entered Level 4 of the Shoals
 22240 | Shoals:4 | Reached XP level 17. HP: 160/168 MP: 16/16
 22342 | Shoals:4 | Received a gift from Trog
 22581 | Shoals:4 | Noticed Polyphemus
 22594 | Shoals:4 | Killed Polyphemus
 22610 | Shoals:4 | Reached skill level 15 in Armour
 22799 | Shoals:4 | Noticed a sphinx
 22814 | Shoals:4 | Killed a sphinx
 22870 | Shoals:4 | Identified the +2 ring mail of Ofe Qosa {Will++}
 23095 | Shoals:4 | Identified the +7 sling "Ukkuxyle" {drain, rPois rF+ Str+4
                  | Int-5}
 23191 | Shoals:4 | Got a barnacled rune of Zot
 23217 | Shoals:4 | Found the +4 skin of Zhor {*Englaciate rC+++ SInv}
 23231 | Shoals:4 | Identified the +5 dagger of the Trees {heavy, rN+ Int+2}
 23513 | Spider:1 | Entered Level 1 of the Spider Nest
 23515 | Spider:1 | Identified the +10 battleaxe "Xuach" {flame, Str+5 Stlth+}
                  | (Trog gifted it to you on level 1 of the Spider Nest)
 23515 | Spider:1 | Received a gift from Trog
 24249 | Spider:1 | Received a gift from Trog
 24866 | Spider:2 | Reached XP level 18. HP: 180/180 MP: 17/17
 25508 | Spider:3 | Received a gift from Trog
 25591 | Spider:3 | Identified the +13 chain mail of Noon {Slay+4}
 26347 | Spider:4 | Entered Level 4 of the Spider Nest
 26429 | Spider:4 | Received a gift from Trog
 27185 | Spider:4 | Got a gossamer rune of Zot
 27711 | Elf:1    | Entered Level 1 of the Elven Halls
 27728 | Elf:1    | Received a gift from Trog
 28991 | Elf:1    | Identified the +3 leather armour of Eternal Vigilance
                  | {Rampage Regen+}
 29161 | Elf:2    | Found the +3 pair of mountain boots {steadfast, rC+}
 29230 | Elf:2    | Found a runed translucent gate.
 29230 | Elf:2    | Found a runed translucent gate.
 29231 | Elf:2    | Found a runed translucent gate.
 29297 | Elf:2    | Identified the +1 helmet of Meibbuis {^Contam Str+4 Int+4
                  | Stlth+}
 29315 | Elf:2    | Found Xoanwoadgh's Assorted Antiques.
 29324 | Elf:2    | Bought a scroll of blinking for 217 gold pieces
 29324 | Elf:2    | Bought a pair of ichor-stained gloves for 275 gold pieces
 29324 | Elf:2    | Identified the +0 pair of gloves "Cuilotoa" {-Cast Rampage
                  | Str+3} (You bought it in a shop on level 2 of the Elven
                  | Halls)
 29324 | Elf:2    | Bought a runed cloak for 217 gold pieces
 29365 | Elf:2    | Found Jitz's Book Emporium.
 29366 | Elf:2    | Found Ickaat's Jewellery Boutique.
 29368 | Elf:2    | Found Hihyur's Book Emporium.
 29390 | Elf:2    | Reached XP level 19. HP: 193/193 MP: 18/18
 29717 | Elf:2    | Received a gift from Trog
 29986 | Elf:2    | Noticed Asterion
 29992 | Elf:2    | Killed Asterion
 30236 | Elf:3    | Entered Level 3 of the Elven Halls
 30286 | Elf:3    | Found Xyachu's Assorted Antiques.
 30410 | Elf:3    | Found Qiejunn's Antique Armour Shoppe.
 30421 | Elf:3    | Found a transporter.
 30426 | Elf:3    | Found Imuixta's Armour Emporium.
 30442 | Elf:3    | Identified the +2 battleaxe of Wrongful Imprisonment
                  | {heavy, Will+ Str+3 SInv} (Trog gifted it to you on level 3
                  | of the Elven Halls)
 30442 | Elf:3    | Received a gift from Trog
 30453 | Elf:3    | Found Xoingaj's Armour Boutique.
 30456 | Elf:3    | Paralysed by an air elemental for 1 turns
 30493 | Elf:3    | Found a radiant altar of Vehumet.
 30549 | Elf:3    | Found a transporter.
 30756 | Elf:3    | Identified the +7 chain mail "Gyntopp" {+Inv Regen+ Stlth+}
 30772 | Elf:3    | Found Qeahycoh's Antique Weapon Shop.
 30880 | Elf:3    | Identified the ring "Setyateb" {rF++ Dex+5 SInv}
 31142 | Elf:3    | Identified the +7 dagger of the Bedazzling Gods {holy,
                  | Int+4}
 31173 | Elf:3    | Received a gift from Trog
 31219 | Elf:3    | Noticed a Brimstone Fiend
 31523 | Elf:3    | Identified the staff of Disembowelment {rElec Int+3 SInv
                  | Conj}
 31831 | Elf:1    | Found a radiant altar of Vehumet.
 31997 | Vaults:1 | Entered Level 1 of the Vaults
 32286 | Vaults:1 | Received a gift from Trog
 32302 | Vaults:1 | Acquired 1103 gold pieces
 32355 | Vaults:1 | Reached XP level 20. HP: 189/205 MP: 19/19
 32515 | Vaults:1 | Noticed Boris
 32523 | Vaults:1 | Killed Boris
 32768 | Vaults:1 | Found Rupovoel's Armour Emporium.
 33508 | Vaults:2 | Identified the +4 battleaxe "Niun" {heavy, rCorr Dex+2}
                  | (Trog gifted it to you on level 2 of the Vaults)
 33508 | Vaults:2 | Received a gift from Trog
 33931 | Vaults:2 | Paralysed by a formless jellyfish for 1 turns
 34185 | Vaults:2 | Paralysed by a formless jellyfish for 1 turns
 34554 | Vaults:3 | Received a gift from Trog
 34653 | Vaults:3 | Identified the staff "Hedd" {rPois Dex+6 Alchemy}
 34741 | Vaults:3 | Found a staircase to the Crypt.
 34741 | Vaults:3 | Found a basalt altar of Yredelemnul.
 34758 | Vaults:3 | Found an ancient bone altar of Kikubaaqudgha.
 34843 | Vaults:3 | Reached XP level 21. HP: 213/217 MP: 20/20
 34846 | Vaults:3 | Identified the +0 plate armour of the Pit {Int+2 Slay+2}
 34914 | Vaults:3 | Received a gift from Trog
 36371 | Vaults:4 | Noticed Boris
 36375 | Vaults:4 | Killed Boris
 36449 | Vaults:4 | Received a gift from Trog
 37037 | Depths:1 | Found a gateway to Hell.
 37492 | Depths:1 | Found a white marble altar of Elyvilon.
 37939 | Depths:2 | Found a portal to a secret trove of treasure.
 37948 | Depths:2 | You paid a toll of 5 scrolls of fear to enter a treasure
                  | trove
 37949 | Trove    | Entered a treasure trove
 37960 | Trove    | Identified the +4 kite shield of Beogh's Displeasure
                  | {Slay+3}
 38114 | Depths:2 | Found a one-way gate leading to the halls of Pandemonium.
 38236 | Depths:2 | Received a gift from Trog
 38261 | Depths:2 | Found a broken altar of Ashenzari.
 38685 | Depths:2 | Found a transporter.
 38687 | Depths:2 | Found a corrupted altar of Lugonu.
 38811 | Depths:2 | Found a transporter.
 39200 | D:9      | Killed DocClef's ghost
 39568 | Depths:3 | Found a one-way gateway to a ziggurat.
 39585 | Depths:3 | Found an opulent altar of Gozag.
 39762 | Depths:3 | Reached XP level 22. HP: 131/231 MP: 21/21
 39983 | Depths:3 | Identified the +12 arbalest of Viegoig {flame, *Slow rElec
                  | rF+ Stlth+}
 40147 | Depths:3 | Found a one-way gate to the infinite horrors of the Abyss.
 40181 | Depths:3 | Noticed Norris
 40190 | Depths:3 | Killed Norris
 40391 | Depths:3 | Found Fetton's Armour Shop.
 40391 | Depths:3 | Found Samodi's Magic Scroll Shop.
 40410 | Depths:3 | Bought a scroll of blinking for 127 gold pieces
 40410 | Depths:3 | Bought a scroll of teleportation for 51 gold pieces
 40745 | Depths:4 | Entered Level 4 of the Depths
 40863 | Depths:4 | Received a gift from Trog
 41010 | Depths:4 | Found a runed translucent door.
 41053 | Depths:4 | Reached skill level 27 in Axes
 41162 | Depths:4 | Reached skill level 27 in Fighting
 41799 | Depths:4 | Found a gate to the Realm of Zot.
 42572 | Vaults:5 | Entered Level 5 of the Vaults
 42577 | Vaults:5 | Identified the ring "Tauruj" {Fire rPois Will+ Int+4
                  | Stlth+}
 42586 | Vaults:5 | Received a gift from Trog
 42627 | Vaults:5 | Noticed a golden dragon
 42635 | Vaults:5 | Killed a golden dragon
 42770 | Vaults:5 | Received a gift from Trog
 42935 | Vaults:5 | Got a silver rune of Zot
 42988 | Vaults:5 | Reached XP level 23. HP: 236/237 MP: 22/22
 43391 | Vaults:5 | Received a gift from Trog
 43636 | Vaults:5 | Identified the +1 cloak of Evolution {Int+3 Dex+3}
 44148 | Vaults:5 | Identified the ring of the Ancients {*Slow Fly rC+ SInv}
 44849 | Zot:1    | Entered Level 1 of the Realm of Zot
 44925 | Zot:1    | Reached skill level 15 in Evocations
 45147 | Zot:1    | Received a gift from Trog
 45392 | Zot:1    | Identified the blade talisman of Integrity {rElec Will-
                  | Str-2 SInv}
 46766 | Zot:2    | Reached skill level 27 in Armour
 47013 | Zot:2    | Found a runed translucent door.
 47014 | Zot:2    | Found a shimmering altar of Xom.
 47014 | Zot:2    | Noticed Sebriys's ghost (legendary TrBe)
 47014 | Zot:2    | Identified the +2 war axe "Grom" {chaos, rF+ Str+3 Int+2
                  | SInv}
 47714 | Zot:2    | Reached XP level 24. HP: 235/249 MP: 22/22
 47889 | Zot:2    | Received a gift from Trog
 48401 | Zot:3    | Found a runed translucent gate.
 48401 | Zot:3    | Found a runed translucent gate.
 48401 | Zot:3    | Found a runed translucent gate.
 48402 | Zot:3    | Noticed SnakkuSnakku7's ghost (veteran MfAE)
 48403 | Zot:3    | Noticed Heisao's ghost (legendary TrBe)
 48483 | Zot:3    | Acquired 935 gold pieces
 48535 | Zot:3    | Noticed an orb of fire
 48538 | Zot:3    | Gained mutation: You occasionally shout uncontrollably at
                  | your foes. [an orb of fire]
 48550 | Zot:3    | Gained mutation: Your flesh is cold resistant. (rC+) [an
                  | orb of fire]
 48554 | Zot:3    | Gained mutation: You have hidden genetic defects. [an orb
                  | of fire]
 48555 | Zot:3    | Killed an orb of fire
 48819 | Zot:3    | Lost mutation: You occasionally shout uncontrollably at
                  | your foes. [potion of mutation]
 48819 | Zot:3    | Lost mutation: Your flesh is cold resistant. (rC+) [potion
                  | of mutation]
 48819 | Zot:3    | Lost mutation: You have hidden genetic defects. [potion of
                  | mutation]
 48819 | Zot:3    | Gained mutation: You occasionally lose the ability to read
                  | scrolls when taking damage. [potion of mutation]
 48819 | Zot:3    | Gained mutation: You expend magic power (3 MP) to
                  | strengthen your wands. [potion of mutation]
 48819 | Zot:3    | Gained mutation: You have sharp toenails. [potion of
                  | mutation]
 48820 | Zot:3    | Lost mutation: You have sharp toenails. [potion of
                  | mutation]
 48820 | Zot:3    | Lost mutation: You expend magic power (3 MP) to strengthen
                  | your wands. [potion of mutation]
 48820 | Zot:3    | Gained mutation: You are partially covered in iridescent
                  | scales. (AC +2) [potion of mutation]
 48821 | Zot:3    | Lost mutation: You occasionally lose the ability to read
                  | scrolls when taking damage. [potion of mutation]
 48821 | Zot:3    | Lost mutation: You are partially covered in iridescent
                  | scales. (AC +2) [potion of mutation]
 48821 | Zot:3    | Gained mutation: You possess an exceptional clarity of
                  | mind. [potion of mutation]
 48821 | Zot:3    | Gained mutation: Your muscles are strong. (Str +4, Int/Dex
                  | -1) [potion of mutation]
 48834 | Zot:4    | Noticed a Killer Klown
 48865 | Zot:4    | Killed a Killer Klown
 48927 | Zot:4    | Identified the ring "Taseas" {Ice Str+5 Int+3}
 48927 | Zot:4    | Noticed Josephina
 50001 | Zot:4    | Received a gift from Trog
 50292 | Zot:4    | Killed Josephina
 51193 | Depths:3 | Bought a scroll of fog for 68 gold pieces
 51193 | Depths:3 | Bought a scroll of summoning for 161 gold pieces
 51483 | Orc:2    | Bought a scroll of teleportation for 51 gold pieces
 51483 | Orc:2    | Bought a scroll of teleportation for 51 gold pieces
 51485 | Orc:2    | Bought a potion of haste for 130 gold pieces
 51485 | Orc:2    | Bought a potion of attraction for 39 gold pieces
 51499 | Orc:2    | Bought a scorched flail for 229 gold pieces
 51499 | Orc:2    | Identified the +6 flail of Asmu {freeze, rCorr SInv} (You
                  | bought it in a shop on level 2 of the Orcish Mines)
 51574 | Elf:2    | Bought a scroll of summoning for 275 gold pieces
 51618 | Elf:3    | Bought a potion of mutation for 328 gold pieces
 51618 | Elf:3    | Bought a wand of roots (4) for 393 gold pieces
 51618 | Elf:3    | Bought a potion of enlightenment for 205 gold pieces
 52173 | Zot:5    | Entered Level 5 of the Realm of Zot
 52283 | Zot:5    | Noticed an orb of fire
 52296 | Zot:5    | Killed an orb of fire
 52981 | Zot:5    | Noticed an ancient lich
 53002 | Zot:5    | Noticed an orb of fire
 53003 | Zot:5    | Noticed an orb of fire
 53003 | Zot:5    | Noticed an ancient lich
 53004 | Zot:5    | Killed an ancient lich
 53008 | Zot:5    | Noticed a Killer Klown
 53009 | Zot:5    | Killed an orb of fire
 53012 | Zot:5    | Killed an orb of fire
 53017 | Zot:5    | Killed an ancient lich
 53019 | Zot:5    | Reached XP level 25. HP: 213/257 MP: 11/22
 53027 | Zot:5    | Killed a Killer Klown
 53028 | Zot:5    | Noticed a Killer Klown
 53051 | Zot:5    | Killed a Killer Klown
 53400 | Zot:5    | Noticed an orb of fire
 53407 | Zot:5    | Killed an orb of fire
 53492 | Zot:5    | Noticed a Killer Klown
 53500 | Zot:5    | Killed a Killer Klown
 53664 | Zot:5    | Got the Orb of Zot
 53688 | Zot:5    | Received a gift from Trog
 53849 | Zot:1    | Noticed Boris
 53872 | Depths:4 | Killed Boris
 54411 | D:$      | Escaped with the Orb!

Illustrated notes

Levels and vault maps discovered:
D:1:      mrwooster_arrival_statue, layout_loops_ring,
          dreamdust_ecumenical_altar_angels_and_demons,
          nicolae_houndstooth_variations
D:2:      layout_basic, hangedman_feature_mirror
D:3:      layout_loops_cross
D:4:      layout_gridville, minmay_temple_entry_glass, minivault_25,
          dreamdust_gnoll_farm
D:5:      layout_cave_pools, nicolae_overflow_hallway_of_the_gods
D:6:      cheibrodos_thug_alley, layout_rooms, st_stairs_6,
          kennysheep_crisscross, uniq_maggie
D:7:      layout_loops_ring, serial_library_hellmonk_long_bookcase,
          uniq_maurice, uniq_prince_ribbit1
D:8:      layout_basic, lemuel_tele_altar, grunt_temple_overflow_open,
          serial_shops, shop, hellmonk_guarded_unrand_gong, uniq_joseph
D:9:      layout_roguey, nicolae_overflow_hidden_temple,
          mainiacjoe_overflow_large_starburst, gammafunk_ghost_stat_death,
          reono_crystal_passage, chequers_guarded_unrand_ignorance
D:10:     layout_basic, mainiacjoe_overflow_concentric_impassable, david_orc_5,
          statue_in_the_mist_lemuel, grunt_ministairs_8,
          kennysheep_pointless_box
D:11:     layout_cross, hellmonk_lair_entry_icy, portal_ice_cave_entry_imps,
          hangedman_incinerator
D:12:     layout_irregular_city, introduction_to_nature_2
D:13:     layout_basic, uniq_sonja, uniq_kirke
D:14:     layout_small_grid, hellmonk_vaults_keyhole, special_room
          [special_room_mythical_zoo], minivault_16
D:15:     gammafunk_enter_depths_forms, layout_basic, minivault_1
Temple:   nicolae_temple_figure_zero
Lair:1:   layout_roguey, roderic_batcave, serial_bayou_shore_a,
          grunt_megastairs_2
Lair:2:   layout_cave_shapes, worms_lemuel, uniq_nergalle
Lair:3:   layout_regular_city, minmay_shoals_entry_centaurs,
          spider_nest_entry_funnel_web, gauntlet_entry_generic,
          nicolae_lair_run_with_the_wolves, lemuel_fruit_fields
Lair:4:   layout_concentric_octagons, grunt_megastairs_3, serial_bayou_shore_b
Lair:5:   cheibrodos_lair_end_hotspot, layout_layer_cave,
          minmay_slime_entry_oklob_enclosed, chequers_serial_rivers_small_b
Shoals:1: layout_shoals, serial_shops, nicolae_shop_real_fake_doors
Shoals:2: layout_shoals, serial_shops, nicolae_shop_getting_attention,
          nicolae_shoals_arrival_archipelago
Shoals:3: layout_shoals, uniq_mlioglotl
Shoals:4: shoals_end_hellmonk_lost_city, serial_shops, uniq_polyphemus
Spider:1: layout_spider_delve, drop_trap, nicolae_spider_jagged_tunnels
Spider:2: layout_spider_delve
Spider:3: layout_spider_delve
Spider:4: grunt_spider_rune_island
Orc:1:    lemuel_ogre_cave, layout_diamond_mine
Orc:2:    st_orc_elflike, layout_caves, basic_altar, special_room, serial_shops,
          nicolae_lakefront_shop, mines5_lemuel
Elf:1:    minmay_elf_arrival_circle, layout_gridlike,
          nicolae_elf_shapeshifter_party, hangedman_elf_disciples,
          lemuel_upstairs_altar
Elf:2:    nicolae_elf_blades_splatter_lattice [infiniplex_blade_entry_pillars],
          layout_geoelf_octagon, serial_shops, shop, minmay_shop_grove,
          uniq_asterion
Elf:3:    elf_hall, layout_gridlike, basic_altar, serial_shops,
          nicolae_shop_hallway_stairs, nicolae_shop_drivethru, shop,
          shop_statue, shop
Vaults:1: ontoclasm_vaults_claustrophobia, st_eye,
          nicolae_vaults_heart-shaped_vault, nicolae_vaults_more_shelving_2,
          vaults_room_grid, nicolae_vaults_shrinking_rooms_2,
          nicolae_vaults_taking_the_gang_shopping, vaults_dpeg_encased_lava,
          nicolae_vaults_network_quincunx
          [nicolae_vaults_network_quincunx_subvault,
          nicolae_vaults_network_quincunx_subvault,
          nicolae_vaults_network_quincunx_subvault,
          nicolae_vaults_network_quincunx_subvault,
          nicolae_vaults_network_quincunx_subvault], vaults_room_pools,
          nicolae_vaults_closet_pinwheel_4, nicolae_vaults_tetromino_Z_2,
          layout_vaults_maze, uniq_boris
Vaults:2: ontoclasm_vaults_hangar, nicolae_vaults_door_testing_chamber,
          serial_library_regret_index_small_wings, nicolae_vaults_double_plus_3,
          nicolae_vaults_what_the_h, nicolae_vaults_back_hallway,
          hangedman_vaults_locks, v_misc_11, vaults_room_hallway,
          nicolae_vaults_tetromino_L_1, layout_vaults_omnicross
Vaults:3: nicolae_vaults_border_crossing, minmay_crypt_entry_necro_gods,
          grunt_vaults_diagonal, hangedman_vaults_stream,
          nicolae_vaults_stepped_doors, hangedman_vaults_stagger, v_pattern_4,
          hangedman_vaults_corner, nicolae_vaults_prndl, nicolae_vaults_theta,
          nicolae_vaults_statue_guard, nicolae_vaults_diamond_2,
          ontoclasm_vaults_pinch, nicolae_vaults_house_3,
          nicolae_vaults_double_plus_1, layout_vaults_omnibox
Vaults:4: vaults_dpeg_ring, ontoclasm_vaults_idyll,
          ontoclasm_vaults_loading_screen, st_more_cells, v_pattern_5,
          v_alt_pattern_2, v_misc_16, nicolae_vaults_tetromino_L_1,
          layout_vaults_omnigrid
Vaults:5
Depths:1: layout_small_grid, grunt_mini_vestibule, dk_noncrumbling_3,
          nicolae_elyvilon_peaceful_grove
Depths:2: gammafunk_corrupted_shrine, layout_gridlike,
          nicolae_ashenzari_skybound, enter_trove_1, pf_coc_iceberg,
          grunt_pan_entry_in_and_out, infiniplex_staircase_zigzag_2
Depths:3: minmay_spriggan_fort, layout_gridlike, enter_ziggurat_f, serial_shops,
          shop, shop, hell_entry, hangedman_abyss_entry_splay,
          nicolae_gozag_cash_rules_everything_around_me, patterned_corridor,
          infiniplex_staircase_river, serial_bayou_shore_b, uniq_norris
Depths:4: evilmike_zot_entry_round, layout_gridlike, nrook_mini_vaults,
          hell_entry, hangedman_decor_lopped, minmay_misc_feat_more_columns,
          minmay_misc_feat_square, minmay_acid_items
Zot:1:    layout_cathedral_of_symmetry
Zot:2:    layout_gridlike, ebering_ghost_xom, regret_index_zotdec_banners
Zot:3:    layout_gridville, gammafunk_ghost_cemetery, st_stairs_10
Zot:4:    layout_misc_corridors, uniq_josephina
Zot:5:    layout_gridlike

Skill      XL: |  1  2  3  4  5  6  7  8  9 10 11 12 13 14 15 16 17 18 19 20 21 22 23 24 25 |
---------------+----------------------------------------------------------------------------+-----
Axes           | 4 5 6 8 9 10 13 19 22 24 26 27 | 27.0
Fighting       | 7 10 16 19 20 22 23 25 26 27 | 27.0
Armour         | 4 8 10 13 14 15 18 22 24 25 27 | 27.0
Dodging        | 3 7 10 13 | 13.6
Evocations     | 10 12 13 16 20 22 | 22.5

Action                     |  1- 3 |  4- 6 |  7- 9 | 10-12 | 13-15 | 16-18 | 19-21 | 22-24 | 25-27 || total
---------------------------+-------+-------+-------+-------+-------+-------+-------+-------+-------++-------
  Melee: Hand axe          |    73 |   109 |    71 |       |       |       |       |       |       ||   253
         Headbutt          |     8 |    15 |    49 |    97 |   157 |   180 |   190 |   224 |    29 ||   949
         Punch             |     1 |       |     4 |       |       |       |       |       |       ||     5
         War axe           |       |       |   202 |   233 |       |       |       |       |       ||   435
         Executioner's axe |       |       |       |   271 |   102 |   563 |   854 |   856 |   129 ||  2775
         Broad axe         |       |       |       |    43 |    18 |       |       |       |       ||    61
         Falchion          |       |       |       |     2 |       |       |       |       |       ||     2
         Battleaxe         |       |       |       |       |   630 |   427 |       |       |       ||  1057
  Throw: Dart              |       |       |       |    10 |       |     1 |       |       |       ||    11
         Javelin           |       |       |       |     2 |       |       |       |       |       ||     2
 Invoke: Berserk           |       |     1 |     1 |     3 |     3 |     1 |       |     2 |       ||    11
         Trog's Hand       |       |       |       |     1 |     1 |     5 |     1 |     6 |     2 ||    16
         Brothers in Arms  |       |       |       |     1 |     2 |     5 |     2 |     5 |     2 ||    17
  Evoke: Wand              |       |       |       |    15 |       |       |       |       |       ||    15
    Use: Scroll            |       |     2 |     3 |    19 |     5 |    11 |     4 |    17 |     5 ||    66
         Potion            |       |       |       |       |       |     3 |     2 |    17 |     5 ||    27
   Stab: Sleeping          |       |       |       |       |     2 |       |       |       |       ||     2
         Distracted        |       |       |       |       |     1 |       |       |       |       ||     1
 Armour: Ring mail         |    29 |       |       |       |       |       |       |       |       ||    29
         Animal skin       |     1 |       |       |       |       |       |       |       |       ||     1
         Scale mail        |    10 |    56 |    43 |       |       |       |       |       |       ||   109
         Chain mail        |       |       |    31 |       |       |   177 |   666 |  1162 |   163 ||  2199
         Swamp dragon scal |       |       |    93 |   264 |   153 |       |       |       |       ||   510
         Quicksilver drago |       |       |       |       |   250 |   262 |       |       |       ||   512
         Plate armour      |       |       |       |       |       |   292 |       |       |       ||   292
  Dodge: Dodged            |    47 |    55 |   105 |   338 |   572 |   857 |   433 |   663 |   105 ||  3175
         Repelled          |       |       |       |       |    10 |    11 |    14 |    25 |     3 ||    63
  Block: Buckler           |       |       |     6 |    27 |       |       |       |       |       ||    33
